 Dungeon Crawl Stone Soup version 0.21-a0-507-ga8f6b7a (webtiles) character file.

6778 Goblin1989 the Blocker (level 11, -20/69 HPs)
             Began as a Gnoll Fighter on Nov 27, 2017.
             Was an Elder of Hepliaklqana.
             Demolished by a large abomination (27 damage)
             ... on level 1 of the Abyss.
             The game lasted 00:34:11 (10021 turns).

Goblin1989 the Blocker (Gnoll Fighter)             Turns: 10021, Time: 00:34:11

Health: -20/69     AC: 10    Str: 23    XL:     11   Next: 4%
Magic:  15/15      EV: 12    Int:  8    God:    Hepliaklqana [****..]
Gold:   257        SH: 12    Dex: 16    Spells: 21/21 levels left

rFire    + + +     SeeInvis .   a - +1 flail (pain)
rCold    . . .     Gourm    .   c - +0 shield
rNeg     . . .     Faith    .   t - +0 fire dragon scales
rPois    .         Spirit   .   x - +0 helmet
rElec    .         Reflect  .   (no cloak)
rCorr    .         Harm     .   B - +0 pair of gloves
MR       .....     Rnd*Rage +   (no boots)
Stlth    ++........             (no amulet)
HPRegen  0.21/turn              f - ring of protection from fire
MPRegen  0.14/turn              (no ring)

@: hasted, very quick
A: distributed training, reduced essence, fangs 1, [berserk 2], [blurry vision
2], cold resistance 1, deformed body, dopey 1, [frail 2], [low mp 2], robust 1,
strong 1, [subdued magic 2], strong nose
a: Recall Ancestor, Ancestor Identity, Transference, Idealise, Renounce Religion


You were on level 1 of the Abyss.
You worshipped Hepliaklqana.
Hepliaklqana was greatly pleased with you.
You were hungry.

You visited 1 branch of the dungeon, and saw 10 of its levels.
You visited the Abyss 1 time.
You also visited: Sewer.

You collected 569 gold pieces.
You spent 312 gold pieces at shops.

Inventory:

Hand Weapons
 a - a +1 flail of pain (weapon)
 q - a +0 hunting sling
 C - a +1 hunting sling of flaming
Missiles
 h - 272 arrows
 j - 3 steel javelins
 k - 195 stones (quivered)
 l - 57 poisoned needles
 o - 29 tomahawks
 p - 40 sling bullets
 u - 3 tomahawks of returning
 E - 58 bolts
 Z - a throwing net {!d}
Armour
 c - a +0 shield (worn)
 t - +0 fire dragon scales (worn)
 x - a +0 helmet (worn)
 B - a +0 pair of gloves (worn)
 W - a +0 chain mail
Jewellery
 f - a ring of protection from fire (left hand)
 i - a +4 ring of protection {unknown}
 n - an uncursed amulet of regeneration {unknown}
 y - an uncursed ring of protection from magic {unknown}
 G - an uncursed ring of see invisible {unknown}
Wands
 A - a wand of acid (10)
 F - a wand of polymorph (19)
 I - a wand of disintegration (4)
Scrolls
 m - 4 scrolls of immolation
 D - 4 scrolls of fog
 L - 3 scrolls of amnesia {unknown}
 M - a scroll of magic mapping
 R - 7 scrolls of identify {@r1}
 S - 3 scrolls of remove curse {@r2}
 T - 4 scrolls of teleportation {!r, @r3}
 X - 3 scrolls of enchant weapon {unknown}
 Y - 3 scrolls of blinking {unknown}
Potions
 r - 2 potions of mutation {!q}
 s - a potion of lignification {unknown}
 v - a potion of berserk rage {unknown}
 w - a potion of brilliance {unknown}
 J - a potion of ambrosia {unknown}
 K - a potion of resistance {unknown}
 N - 3 potions of curing {@q1}
 O - 4 potions of degeneration
 P - 2 potions of flight
 Q - a potion of invisibility
 U - a potion of heal wounds {@q2, !q}
Comestibles
 e - 9 bread rations {@e1}
 z - 8 royal jellies
 H - 5 meat rations {@e2}


   Skills:
 + Level 8.8 Fighting
 + Level 5.8 Short Blades
 + Level 5.8 Long Blades
 + Level 5.8 Axes
 + Level 7.4 Maces & Flails
 + Level 5.8 Polearms
 + Level 5.8 Staves
 + Level 5.8 Slings
 + Level 5.8 Bows
 + Level 5.8 Crossbows
 + Level 5.8 Throwing
 + Level 8.8 Armour
 + Level 5.8 Dodging
 + Level 5.8 Stealth
 + Level 8.8 Shields
 + Level 5.8 Unarmed Combat
 + Level 5.8 Spellcasting
 + Level 4.7 Conjurations
 + Level 4.7 Hexes
 + Level 4.7 Charms
 + Level 4.7 Summonings
 + Level 4.7 Necromancy
 + Level 4.7 Translocations
 + Level 4.7 Transmutations
 + Level 4.7 Fire Magic
 + Level 4.7 Ice Magic
 + Level 4.7 Air Magic
 + Level 4.7 Earth Magic
 + Level 4.7 Poison Magic
 + Level 6.3 Invocations
 + Level 5.8 Evocations


You had 21 spell levels left.
You didn't know any spells.

Dungeon Overview and Level Annotations

Branches:
Dungeon (10/15)            Temple (0/1) D:6            Lair (0/6) D:8
    Orc: D:9-12

Altars:
Ashenzari
Elyvilon
Hepliaklqana
Makhleb
Nemelex Xobeh
Ru
Sif Muna
Wu Jian

Shops:
D:5 !

Annotations:
D:6 exclusion: 2 doors
D:10 Erolcha


Innate Abilities, Weirdness & Mutations

Your experience applies equally to all skills.
You have very sharp teeth.
Your uncanny sense of smell can sniff out nearby items.
Your life essence is reduced to manifest your ancestor. (-10% HP)
Your flesh is cold resistant. (rC+)
Armour fits poorly on your strangely shaped body.
You are dopey. (Int -2)
You are robust. (+10% HP)
Your muscles are strong. (Str +2)
[You often lose your temper in combat.]
[Scrolls take you longer to read.]
[You are very frail. (-20% HP)]
[Your magical capacity is very low. (-20% MP)]
[Your spells are easier to cast, but less powerful.]


Message History

You block the ufetubus's attack. The ufetubus misses you.
You hit the ufetubus.
The ufetubus is severely wounded.
You block the ufetubus's attack. The ufetubus closely misses you.
You hit the ufetubus.
You kill the ufetubus!
Qinisela is still trapped in memory!
Qinisela is still trapped in memory!
Unknown command.
A thrashing horror comes into view.
A wretched star comes into view.
The wretched star pulses with an eldritch light!
You feel less energetic. x2
You now have 15/15 mp.
The wretched star glows turbulently.
The orb of energy misses you.
The orb of energy explodes!
The wretched star glows turbulently.
The orb of energy misses you.
You see here a robe.
The wretched star pulses with an eldritch light!
Your vision blurs. x2
You see here a meat ration {@e2}.
You hit the wretched star.
The wretched star is lightly damaged.
The wretched star pulses with an eldritch light!
Your connection to magic feels subdued.
Your connection to magic feels more subdued.
You feel frail. x2
You take 18 damage, and have 69/69 hp.
MASSIVE DAMAGE!!
You closely miss the wretched star.
The wretched star is lightly damaged.
You block the large abomination's attack.
Unknown command.
You closely miss the wretched star.
The wretched star is lightly damaged.
The large abomination hits you!!
You take 26 damage, and have 43/69 hp.
MASSIVE DAMAGE!!
Unknown command.
You hit the wretched star but do no damage.
You bite the wretched star, but do no damage.
The large abomination hits you.
You take 1 damage, and have 42/69 hp.
Unknown command.
You feel yourself speed up.
You block the large abomination's attack.
Unknown command.
You sock the wretched star!
The wretched star is lightly damaged.
You are feeling hungry.
You barely miss the wretched star.
The wretched star is lightly damaged.
The wretched star pulses with an eldritch light!
You feel a little pissed off.
You feel angry.
You block the large abomination's attack.
You completely miss the wretched star. Your bite misses the wretched star.
The wretched star is lightly damaged.
The large abomination misses you.
Unknown command.
You hit the wretched star but do no damage.
The wretched star is lightly damaged.
You sock the wretched star! Your bite misses the wretched star.
The wretched star is moderately damaged.
The large abomination hits you!!
* * * LOW HITPOINT WARNING * * *
You hear a roar!
You take 24 damage, and have 19/69 hp.
MASSIVE DAMAGE!!
You sock the wretched star!
The wretched star is heavily damaged.
You block the large abomination's attack.
You hit the wretched star but do no damage.
The wretched star is heavily damaged.
You block the large abomination's attack.
You closely miss the wretched star.
The wretched star is heavily damaged.
A smoke demon and a large abomination come into view.
You hit the wretched star. You bite the wretched star.
The wretched star is heavily damaged.
The large abomination misses you.
Your fire dragon scales prevents you from hitting the wretched star.
The wretched star is heavily damaged.
The smoke demon gestures at you. Something smites you!
* * * LOW HITPOINT WARNING * * *
The large abomination hits you but does no damage.
You take 14 damage, and have 6/69 hp.
MASSIVE DAMAGE!!
You thump the wretched star!
The wretched star is severely damaged.
Unknown command.
You hit the wretched star.
The wretched star is severely damaged.
You block the large abomination's attack.
Unknown command.
You hit the wretched star.
You bite the wretched star, but do no damage.
The wretched star is severely damaged.
Unknown command.
You barely miss the wretched star.
The wretched star is severely damaged.
The large abomination hits you!!
You die...

...█. █ .. ....
█. . ...█.. . .
.. █.. .██..
...█ █...
..█.██ ...█
█.█.█..█.█.....
█....█3......█
.█.X@.█.█ █.
.█.███*..███ █
█ █ ..∆.██..█ .
.██..
██........█ █
.. . █ .. █
.██. . █. .█
.██.██.*█
█...█. .█. ..██
... ...█ █ █. .
█..███. ██. ...
R █..█.█. ██ .█
█. █ ..


You could see a wretched star, a large abomination and a smoke demon.

Vanquished Creatures
  The ghost of Daviar the Skirmisher, a novice VSFi of Zin (D:8)
  Joseph (D:8)
  A hippogriff (D:7)
  A ynoxinul (Abyss:1)
  A wyvern (D:9)
  A human (D:7)
  3 hogs (D:7)
  A black bear (D:9)
  An orc warrior (D:8)
  2 ice beasts
  A sky beast (D:8)
  A centaur (D:7)
  An ogre (D:6)
  2 crocodiles (D:8)
  A bullfrog (D:6)
  A wyvern zombie (D:7)
  The ghost of Bazinga the Skirmisher, a weakling MiFi (D:3)
  A scorpion (D:9)
  6 wights
  A howler monkey (D:7)
  A quasit (Abyss:1)
  4 hounds
  A bullfrog skeleton (D:9)
  3 orc priests
  2 orc wizards (D:4)
  Jessica (D:2)
  3 iguanas
  2 worker ants
  A worker ant zombie (D:5)
  A howler monkey skeleton (D:9)
  6 gnolls
  9 adders
  A white imp (Abyss:1)
  An ufetubus (Abyss:1)
  4 oozes (Sewer)
  4 worms
  A dart slug (D:2)
  4 leopard geckos
  15 orcs
  4 ball pythons
  6 giant cockroaches
  2 hobgoblins
  12 jackals
  3 quokkas (D:7)
  12 bats
  7 frilled lizards
  6 goblins
  A jackal skeleton (D:6)
  7 kobolds (D:1)
  A leopard gecko zombie (D:7)
  7 rats
161 creatures vanquished.

Vanquished Creatures (collateral kills)
  An unseen horror (Abyss:1)
  The ghost of Goblin1989 the Shield-Bearer, an amateur GnFi (Sewer)
  Eustachio (D:5)
  A hog (D:7)
  A hungry ghost (D:9)
  A porcupine (D:8)
  2 orc warriors (D:9)
  An ice beast (D:6)
  A sky beast (D:7)
  3 centaurs
  2 bullfrogs
  A gnoll sergeant (D:8)
  4 wights
  2 howler monkeys (D:7)
  2 crimson imps
  A bullfrog zombie (D:5)
  A centaur zombie (D:9)
  2 quasits
  3 hounds
  A bullfrog skeleton (D:3)
  3 orc wizards
  3 iguanas
  A worker ant (D:9)
  A worker ant zombie (D:7)
  A gnoll (D:8)
  2 adders
  2 oozes (Sewer)
  4 worms
  2 leopard geckos
  7 orcs
  2 bats (Sewer)
  2 giant cockroaches
  6 jackals
  A quokka (D:6)
  A fungus (D:8)
70 creatures vanquished.

Vanquished Creatures (others)
  6 battlemagi
  An ancestor (D:3)
  A quokka (D:5)
8 creatures vanquished.

Grand Total: 239 creatures vanquished

Notes
Turn   | Place    | Note
-------+----------+-------------------------------------------
     0 | D:1      | Goblin1989 the Gnoll Fighter began the quest for the Orb.
     0 | D:1      | Reached XP level 1. HP: 23/23 MP: 1/1
   181 | D:1      | Reached XP level 2. HP: 29/29 MP: 2/2
   321 | D:1      | ololoev: turkey gobber!
   399 | D:1      | Goblin1989: Опаньки, ололоев появлялся
   669 | D:1      | Reached XP level 3. HP: 35/35 MP: 3/3
  1178 | D:2      | Noticed Jessica
  1180 | D:2      | Killed Jessica
  1180 | D:2      | Reached skill level 1 in Short Blades
  1180 | D:2      | Reached skill level 1 in Long Blades
  1180 | D:2      | Reached skill level 1 in Axes
  1180 | D:2      | Reached skill level 1 in Polearms
  1180 | D:2      | Reached skill level 1 in Staves
  1180 | D:2      | Reached skill level 1 in Slings
  1180 | D:2      | Reached skill level 1 in Bows
  1180 | D:2      | Reached skill level 1 in Crossbows
  1180 | D:2      | Reached skill level 1 in Throwing
  1180 | D:2      | Reached skill level 1 in Dodging
  1180 | D:2      | Reached skill level 1 in Stealth
  1180 | D:2      | Reached skill level 1 in Unarmed Combat
  1180 | D:2      | Reached skill level 1 in Spellcasting
  1180 | D:2      | Reached skill level 1 in Invocations
  1180 | D:2      | Reached skill level 1 in Evocations
  1180 | D:2      | Reached XP level 4. HP: 41/41 MP: 5/5
  1225 | D:2      | Found a hazy altar of Hepliaklqana.
  1230 | D:2      | Became a worshipper of Hepliaklqana the Forgotten
  1740 | D:3      | Found a faded altar of an unknown god.
  1787 | D:3      | Reached skill level 1 in Conjurations
  1787 | D:3      | Reached skill level 1 in Hexes
  1787 | D:3      | Reached skill level 1 in Charms
  1787 | D:3      | Reached skill level 1 in Summonings
  1787 | D:3      | Reached skill level 1 in Necromancy
  1787 | D:3      | Reached skill level 1 in Translocations
  1787 | D:3      | Reached skill level 1 in Transmutations
  1787 | D:3      | Reached skill level 1 in Fire Magic
  1787 | D:3      | Reached skill level 1 in Ice Magic
  1787 | D:3      | Reached skill level 1 in Air Magic
  1787 | D:3      | Reached skill level 1 in Earth Magic
  1787 | D:3      | Reached skill level 1 in Poison Magic
  1937 | D:3      | Found a shattered altar of Ashenzari.
  1946 | D:3      | Reached XP level 5. HP: 39/42 MP: 6/6
  2247 | D:3      | Reached * piety under Hepliaklqana
  2392 | D:3      | Found a deep blue altar of Sif Muna.
  2393 | D:3      | Noticed Bazinga's ghost (weakling MiFi)
  2451 | D:3      | Killed Bazinga's ghost
  2451 | D:3      | Reached XP level 6. HP: 16/47 MP: 8/8
  3146 | D:4      | Reached skill level 5 in Maces & Flails
  3668 | D:4      | Reached ** piety under Hepliaklqana
  3700 | D:4      | Remembered your ancestor Qinisela as a battlemage
  3733 | D:4      | Found a sparkling altar of Nemelex Xobeh.
  3761 | D:5      | Entered Level 5 of the Dungeon
  3767 | D:5      | Found a white marble altar of Elyvilon.
  3788 | D:5      | Reached XP level 7. HP: 53/53 MP: 10/10
  3810 | D:5      | Found Kiarph Cenee's Distillery.
  3908 | D:5      | Found a glowing drain.
  3913 | Sewer    | Entered a sewer
  4071 | Sewer    | Noticed Goblin1989's ghost (amateur GnFi)
  4080 | Sewer    | Killed Goblin1989's ghost
  4303 | Sewer    | Gained mutation: Your muscles are strong. (Str +2) [potion of mutation]
  4303 | Sewer    | Gained mutation: You are covered in fur. (AC +1) [potion of mutation]
  4389 | Sewer    | Reached XP level 8. HP: 59/60 MP: 12/12
  4657 | D:5      | Bought 2 potions of heal wounds for 130 gold pieces
  4657 | D:5      | Bought a potion of degeneration for 13 gold pieces
  4657 | D:5      | Bought a potion of curing for 39 gold pieces
  4657 | D:5      | Bought a potion of haste for 130 gold pieces
  4754 | D:5      | Noticed Eustachio
  4773 | D:5      | Killed Eustachio
  5020 | D:6      | Reached *** piety under Hepliaklqana
  5676 | D:6      | Reached XP level 9. HP: 64/64 MP: 14/14
  5798 | D:6      | Found a staircase to the Ecumenical Temple.
  6191 | D:7      | Found an ornate altar of the Wu Jian Council.
  6211 | D:7      | Gained mutation: Armour fits poorly on your strangely shaped body. [mutagenic meat]
  6213 | D:7      | Gained mutation: You are robust. (+10% HP) [mutagenic meat]
  6214 | D:7      | Gained mutation: You are dopey. (Int -2) [mutagenic meat]
  6215 | D:7      | Gained mutation: Your flesh is cold resistant. (rC+) [mutagenic meat]
  6216 | D:7      | Lost mutation: You are covered in fur. (AC +1) [mutagenic meat]
  6538 | D:7      | Reached skill level 5 in Invocations
  7006 | D:7      | Reached XP level 10. HP: 75/80 MP: 15/17
  7447 | D:8      | Noticed Daviar's ghost (novice VSFi)
  7460 | D:8      | Killed Daviar's ghost
  7460 | D:8      | Reached skill level 5 in Short Blades
  7460 | D:8      | Reached skill level 5 in Long Blades
  7460 | D:8      | Reached skill level 5 in Axes
  7460 | D:8      | Reached skill level 5 in Polearms
  7460 | D:8      | Reached skill level 5 in Staves
  7460 | D:8      | Reached skill level 5 in Slings
  7460 | D:8      | Reached skill level 5 in Bows
  7460 | D:8      | Reached skill level 5 in Crossbows
  7460 | D:8      | Reached skill level 5 in Throwing
  7460 | D:8      | Reached skill level 5 in Dodging
  7460 | D:8      | Reached skill level 5 in Stealth
  7460 | D:8      | Reached skill level 5 in Unarmed Combat
  7460 | D:8      | Reached skill level 5 in Spellcasting
  7460 | D:8      | Reached skill level 5 in Evocations
  8062 | D:8      | Found a staircase to the Lair.
  8309 | D:8      | Noticed Joseph
  8326 | D:8      | Killed Joseph
  8626 | D:9      | Reached **** piety under Hepliaklqana
  8710 | D:9      | Found a sacrificial altar of Ru.
  9353 | D:9      | Found a burning altar of Makhleb.
  9396 | D:10     | Entered Level 10 of the Dungeon
  9413 | D:10     | Noticed Erolcha
  9413 | D:10     | Cast into level 1 of the Abyss (Erolcha)
  9734 | Abyss:1  | Noticed a smoke demon
  9786 | Abyss:1  | Killed an unseen horror
  9786 | Abyss:1  | Reached XP level 11. HP: 43/87 MP: 19/19
  9984 | Abyss:1  | Noticed a thrashing horror
  9995 | Abyss:1  | Noticed a wretched star
 10016 | Abyss:1  | Noticed a large abomination
 10021 | Abyss:1  | Demolished by a large abomination

Vault maps used:
D:1:      sevenhm_arrival_forest_fort_small_6, minmay_tetromino_i4
D:2:      lemuel_doored_altar, uniq_jessica
D:3:      cheibrodos_ashenzari_chains, chequers_ecumenical_altar_island,
          led_sif_book
D:4:      nemelex_diamond_rough_becter
D:5:      elyvilon_altar_4, kennysheep_little_box, marbit_many_paths,
          first_bread, gup_sewer_entry_spiral, serial_shops,
          nicolae_shop_crystal, uniq_ijyb, uniq_eustachio
D:6:      minmay_temple_entry_statues_fountains, nrook_pool_corridor
D:7:      kennysheep_mini_moat, grunt_livestock
D:8:      grunt_lair_entry_orc_guard_hut, hangedman_decor_peaks_small,
          uniq_joseph
D:9:      kennysheep_mini, lemuel_round_altar
D:10:     serial_shops, shop, kb_lookout_dungeons_type, uniq_erica, uniq_sonja,
          uniq_fannar, uniq_erolcha
Abyss:1:  minivault_22
Sewer:    sewer_fruit_machine

Skill      XL: |  1  2  3  4  5  6  7  8  9 10 |
---------------+-------------------------------+-----
Short Blades   | 1 2 3 4 5 |  5.8
Long Blades    | 1 2 3 4 5 |  5.8
Axes           | 1 2 3 4 5 |  5.8
Polearms       | 1 2 3 4 5 |  5.8
Staves         | 1 2 3 4 5 |  5.8
Slings         | 1 2 3 4 5 |  5.8
Bows           | 1 2 3 4 5 |  5.8
Crossbows      | 1 2 3 4 5 |  5.8
Throwing       | 1 2 3 4 5 |  5.8
Dodging        | 1 2 3 4 5 |  5.8
Stealth        | 1 2 3 4 5 |  5.8
Unarmed Combat | 1 2 3 4 5 |  5.8
Spellcasting   | 1 2 3 4 5 |  5.8
Invocations    | 1 2 3 4 5 6 |  6.3
Evocations     | 1 2 3 4 5 |  5.8
Conjurations   | 1 2 3 4 |  4.7
Hexes          | 1 2 3 4 |  4.7
Charms         | 1 2 3 4 |  4.7
Summonings     | 1 2 3 4 |  4.7
Necromancy     | 1 2 3 4 |  4.7
Translocations | 1 2 3 4 |  4.7
Transmutations | 1 2 3 4 |  4.7
Fire Magic     | 1 2 3 4 |  4.7
Ice Magic      | 1 2 3 4 |  4.7
Air Magic      | 1 2 3 4 |  4.7
Earth Magic    | 1 2 3 4 |  4.7
Poison Magic   | 1 2 3 4 |  4.7
Maces & Flails | 5 6 7 |  7.4
Fighting       | 7 8 |  8.8
Armour         | 7 8 |  8.8
Shields        | 7 8 |  8.8

Action                   |  1- 3 |  4- 6 |  7- 9 | 10-12 || total
-------------------------+-------+-------+-------+-------++-------
Melee: Flail             |    73 |   154 |   210 |   172 ||   609
       Bite              |     3 |    19 |    34 |    27 ||    83
Invok: Ancestor Life: Ba |       |     1 |       |       ||     1
       Recall Ancestor   |       |       |       |     3 ||     3
  Use: Scroll            |       |     8 |       |       ||     8
       Potion            |       |     1 |     4 |     3 ||     8
 Stab: Distracted        |       |       |     5 |       ||     5
       Invisible         |       |       |       |     5 ||     5
  Eat: Chunk             |     1 |     7 |    14 |     6 ||    28
       Royal jelly       |       |       |     1 |       ||     1
       Fruit             |       |       |       |     5 ||     5
Armor: Scale mail        |    28 |    47 |       |       ||    75
       Chain mail        |       |     1 |    67 |       ||    68
       Fire dragon scale |       |       |       |    80 ||    80
Dodge: Dodged            |    13 |    37 |    54 |    68 ||   172
Block: Shield            |    50 |    83 |   142 |   134 ||   409

Table legend:
 A = Spawn XP
 B = Non-spawn XP
 C = Spawn XP percentage of total XP
 D = Spawn monster count
 E = Non-spawn monster count
 F = Spawn count percentage of total count
 G = Total turns spent on level
                    A         B        C        D         E        F      G
               +---------+---------+-------+---------+---------+-------+---------
         Total |     962 |    8722 |   9.9 |       4 |     226 |   1.7 | 10021
               +---------+---------+-------+---------+---------+-------+---------
           D:1 |       0 |      34 |   0.0 |       0 |      23 |   0.0 |   843
           D:2 |       0 |      65 |   0.0 |       0 |       9 |   0.0 |   722
           D:3 |       0 |     258 |   0.0 |       0 |      33 |   0.0 |  1448
           D:4 |       0 |     191 |   0.0 |       0 |      14 |   0.0 |   748
           D:5 |       0 |     544 |   0.0 |       0 |      17 |   0.0 |   511
           D:6 |       0 |    1001 |   0.0 |       0 |      16 |   0.0 |  1256
           D:7 |       0 |    2200 |   0.0 |       0 |      34 |   0.0 |   961
           D:8 |       0 |    2847 |   0.0 |       0 |      34 |   0.0 |  1526
           D:9 |       0 |    1176 |   0.0 |       0 |      19 |   0.0 |   789
       Abyss:1 |     962 |      10 |  99.0 |       4 |       1 |  80.0 |   608
         Sewer |       0 |     396 |   0.0 |       0 |      26 |   0.0 |   607
               +---------+---------+-------+---------+---------+-------+---------

Vault maps used:
D:1:      sevenhm_arrival_forest_fort_small_6, minmay_tetromino_i4
D:2:      lemuel_doored_altar, uniq_jessica
D:3:      cheibrodos_ashenzari_chains, chequers_ecumenical_altar_island,
          led_sif_book
D:4:      nemelex_diamond_rough_becter
D:5:      elyvilon_altar_4, kennysheep_little_box, marbit_many_paths,
          first_bread, gup_sewer_entry_spiral, serial_shops,
          nicolae_shop_crystal, uniq_ijyb, uniq_eustachio
D:6:      minmay_temple_entry_statues_fountains, nrook_pool_corridor
D:7:      kennysheep_mini_moat, grunt_livestock
D:8:      grunt_lair_entry_orc_guard_hut, hangedman_decor_peaks_small,
          uniq_joseph
D:9:      kennysheep_mini, lemuel_round_altar
D:10:     serial_shops, shop, kb_lookout_dungeons_type, uniq_erica, uniq_sonja,
          uniq_fannar, uniq_erolcha
Abyss:1:  minivault_22
Sewer:    sewer_fruit_machine
